 Dungeon Crawl Stone Soup version 0.17-a0-670-g5d95ebd (webtiles) character file.

685757 M4edhros the Cloud Mage (level 27, -1/171 HPs)
             Began as an Octopode Artificer on Dec 6, 2014.
             Was the Champion of Fedhas.
             Killed from afar by a hellion (31 damage)
             ... with a burst of hellfire
             ... in the Vestibule of Hell on Apr 18, 2015.
             The game lasted 16:37:35 (94219 turns).

M4edhros the Cloud Mage (Octopode Artificer)       Turns: 94219, Time: 16:37:35

Health: -1/171     AC:  5    Str: 17    XL:     27
Magic:  8/42       EV: 26    Int: 29    God:    Fedhas [******]
Gold:   5862       SH: 18    Dex: 13    Spells: 11 memorised, 0 levels left

rFire  + + +     SeeInvis +     N - +9 rod of inaccuracy (12/17)
rCold  . . .     Clarity  .     t - +2 shield of Resistance {rF+ rC+ MR+}
rNeg   + . .     SustAb   .     H - +0 hat of the Townfolk {rElec MR+}
rPois  +         Gourm    +     g - amulet of the gourmand
rElec  +         Spirit   .     l - +5 ring of intelligence
rCorr  .         Warding  .     h - ring of see invisible
rMut   .         Stasis   .     z - ring of wizardry
MR     +++++                    A - ring of wizardry
Stlth  +++++++++.               p - ring "Lotsesul" {Fire +Fly rPois MR+}
                                B - ring of wizardry
                                a - +6 ring of evasion
                                b - ring "Smigg" {+Fly rPois rN+}

@: regenerating, studying Slings, deflect missiles, drained, almost entirely
resistant to hostile enchantments, incredibly stealthy
A: almost no armour, amphibious, 8 rings, constrict 8, large bone plates 1,
molten scales 1, camouflage 1, blink 1, fire resistance 1, low mp 1,
regeneration 1, screaming 1, shaggy fur 1, electricity resistance, spit poison
1, strong 2, wild magic 1, gelatinous body 1
a: Spit Poison, Blink, Evolution, Sunlight, Growth, Reproduction, Rain, Renounce
Religion, Evoke Flight
}: 4/15 runes: barnacled, slimy, silver, gossamer


You were in the Vestibule of Hell.
You worshipped Fedhas.
Fedhas was exalted by your worship.
You were near starving.

You visited 14 branches of the dungeon, and saw 67 of its levels.
You visited the Abyss 1 time.
You visited 1 bazaar.
You also visited: Labyrinth, Ice Cave and Volcano.

You collected 11336 gold pieces.
You spent 5474 gold pieces at shops.

Inventory:

Hand weapons
 D - the +10 short sword of Ral Otruwn {elec, rPois}
   (You found it on level 3 of the Elven Halls)

   Occasionally, upon striking a foe, it will discharge some electrical energy
   and cause terrible harm.
   It protects you from poison.
 P - a +9 hunting sling of flaming
 S - the +9 blowgun "Qint" {evade, +Inv Str+1}
   (You found it on level 5 of the Depths)

   It affects your evasion (+5 to EV).
   It affects your strength (+1).
   It lets you turn invisible.
Missiles
 k - 169 sling bullets
 s - 11 curare-tipped needles
 F - 30 steel sling bullets
Armour
 t - the +2 shield of Resistance (worn) {rF+ rC+ MR+}
   (You bought it in a shop on level 4 of the Orcish Mines)

   It protects you from fire.
   It protects you from cold.
   It affects your resistance to hostile enchantments.
 H - the +0 hat of the Townfolk (worn) {rElec MR+}
   (You found it on level 5 of the Vaults)

   It insulates you from electricity.
   It affects your resistance to hostile enchantments.
Magical staves
 e - an uncursed staff of energy
Rods
 i - a +9 rod of ignition (12/12)
   (You took it off a deep elf mage on level 1 of the Elven Halls)
 y - a +9 iron rod (17/17)
   (You found it on level 3 of the Vaults)
 C - a +4 rod of destruction (13/13)
   (You took it off a deep elf mage on level 3 of the Elven Halls)
 N - a +9 rod of inaccuracy (12/17) (weapon)
   (You found it on level 1 of the Lair of Beasts)
 Y - a +7 iron rod (12/12)
   (You found it on level 3 of the Elven Halls)
Jewellery
 a - a +6 ring of evasion (on tentacle)
 b - the ring "Smigg" (on tentacle) {+Fly rPois rN+}
   (You bought it in a shop in a bazaar)

   [ring of flight]

   It protects you from poison.
   It protects you from negative energy.
   It lets you fly.
 f - an uncursed amulet of resist mutation
 g - an amulet of the gourmand (around mantle)
 h - a ring of see invisible (right tentacle)
 l - a +5 ring of intelligence (left tentacle)
 p - the ring "Lotsesul" (on tentacle) {Fire +Fly rPois MR+}
   (You found it on level 6 of the Pits of Slime)

   [ring of fire]

   It enhances your fire magic, and weakens your ice magic.
   It protects you from fire.
   It makes you vulnerable to cold.
   It protects you from poison.
   It affects your resistance to hostile enchantments.
   It lets you fly.
 z - a ring of wizardry (on tentacle)
 A - a ring of wizardry (on tentacle)
 B - a ring of wizardry (on tentacle)
Magical devices
 c - a wand of heal wounds (5)
 n - a wand of teleportation (3)
 v - a wand of heal wounds (3)
 Q - a wand of invisibility (4)
Scrolls
 j - a scroll of amnesia
 m - 18 scrolls of teleportation
 G - 11 scrolls of fog
 J - 5 scrolls of fear
Potions
 d - a potion of cancellation
 o - 7 potions of curing
 w - 2 potions of magic
 E - 3 potions of haste
 V - 2 potions of heal wounds
 W - 4 potions of agility
Books
 R - a manual of Slings
Miscellaneous
 q - a fan of gales
 u - a phial of floods
 x - the horn of Geryon
 T - a lamp of fire
 U - a stone of tremors
 Z - a disc of storms
Comestibles
 r - 11 meat rations
 L - 11 royal jellies
 X - 18 fruits


   Skills:
 - Level 10.0(9.9) Fighting
 - Level 1.0(1.7) Short Blades
   Level 2.3(2.4) Long Blades
   Level 3.2(3.1) Polearms
 + Level 10.2 Slings
 + Level 14.9(14.8) Dodging
 - Level 19.0(18.9) Stealth
 + Level 15.9(15.8) Shields
 + Level 19.8(19.7) Spellcasting
 - Level 12.2 Conjurations
 - Level 12.0 Charms
 - Level 15.0(14.9) Summonings
 - Level 5.0(4.9) Necromancy
   Level 5.1 Transmutations
   Level 5.0(4.9) Fire Magic
   Level 9.0 Ice Magic
 * Level 21.0 Air Magic
 - Level 4.1(4.0) Earth Magic
 - Level 10.5 Invocations
 + Level 20.7 Evocations


You couldn't memorise any spells.
You knew the following spells:

 Your Spells              Type           Power        Failure   Level  Hunger
a - Swiftness             Chrm/Air       ########     1%          2    None
b - Iron Shot             Conj/Erth      #######...   4%          6    None
c - Regeneration          Chrm/Necr      #######...   1%          3    None
d - Spellforged Servitor  Conj/Summ      ########..   2%          7    ####...
e - Deflect Missiles      Chrm/Air       ########..   1%          6    None
f - Summon Greater Demon  Summ           ########..   1%          7    ####...
g - Haste                 Chrm           #######.     1%          6    None
h - Aura of Abjuration    Summ           ########..   1%          6    None
i - Tornado               Air            ########..   10%         9    #######
k - Poisonous Cloud       Conj/Pois/Air  #######...   1%          6    None
l - Orb of Destruction    Conj           #######...   4%          7    ####...


Dungeon Overview and Level Annotations

Branches:
Dungeon (15/15)            Temple (1/1) D:5            Lair (8/8) D:11
 Shoals (5/5) Lair:5       Spider (5/5) Lair:3        Slime (6/6) Lair:7
    Orc (4/4) D:11            Elf (3/3) Orc:4        Vaults (5/5) D:14
  Crypt (3/3) Vaults:2       Tomb (1/3) Crypt:3      Depths (5/5) D:15
   Hell (1/1)                 Zot (5/5) Depths:5
    Dis: Hell:1         Geh: Hell:1         Coc: Hell:1         Tar: Hell:1

Altars:
Ashenzari
Cheibriados
Dithmenos
Elyvilon
Fedhas
Gozag
Kikubaaqudgha
Makhleb
Nemelex Xobeh
Okawaru
Qazlal
Ru
Sif Muna
Trog
Vehumet
Xom
Yredelemnul
Zin
The Shining One
Jiyva

Shops:
Orc:3 =   Orc:4 (*[   Shoals:5 *   Vaults:2 [   Vaults:3 :   Depths:4 }

Portals:
Hell: Depths:1 Depths:2 Depths:3 Depths:4 Depths:5
Abyss: Depths:2 Depths:3 Depths:4 Depths:5
Pandemonium: Depths:3 Depths:4 Depths:5
Ziggurat: Depths:4

Annotations:
Lair:7 runed door
Spider:1 Frances
Elf:2 runed door
Depths:3 runed door


Innate Abilities, Weirdness & Mutations

You cannot wear most types of armour.
You are amphibious.
You can wear up to eight rings at the same time.
You can use your tentacles to constrict eight enemies at once.
Your skin changes colour to match your surroundings (Stealth).
Your rubbery body absorbs attacks (AC +1).
You are partially covered in large bone plates (AC +2, SH +2).
You are partially covered in molten scales (AC +1).
You can translocate small distances at will.
Your flesh is heat resistant.
Your magical capacity is low (-10% MP).
Your natural rate of healing is unusually fast.
You occasionally shout uncontrollably at your foes.
You are covered in fur (AC +1).
You are resistant to electric shocks.
You can spit weak poison.
Your muscles are very strong. (Str +4)
Your spells are a little harder to cast, but a little more powerful.


Message History

You hear a roar!
You channel some magical energy.
You feel slightly more hungry.
Nothing appears to happen.
The winds around you calm down.
Wield which item (- for none, * to show all)? (? for menu, Esc to quit)
N - a +9 rod of inaccuracy (12/17) (weapon)
The hellion gestures at you.
The hellfire explodes!
The burst of hellfire engulfs you!
* * * LOW HITPOINT WARNING * * *
You hear a roar!
Use which ability? (? or * to list)
Okay, then.
Eat which item? (? for menu, Esc to quit)
Okay, then.
Drink which item? (? for menu, Esc to quit)
You feel better. The hellion gestures at you.
The hellfire explodes!
The burst of hellfire engulfs you!
You die...
Fedhas appreciates your contribution to the ecosystem.

##[........#
##.).........# .
##...∩.........#
.....##.)÷.÷[.#.§.....#
≈.........÷÷[...§.......
.≈......#...#2..#...#...
.§........[§..)........
≈...##.......#.......#
.≈.# ##...)....@....# .#
##...........##
##.....))).##
##...#).)## ##.....##
##...## ##..(## #.....#
#.§§§...#


You could see a hellion.

Vanquished Creatures
  the royal jelly (Slime:6)
  Khufu (Crypt:3)
  The ghost of sirdond the Invulnerable, a legendary HOFi of Okawaru (Zot:5)
  3 ancient liches
  Sojobo (Crypt:1)
  Margery (Vaults:3)
  A curse toe (Zot:2)
  A Killer Klown (Zot:4)
  Geryon (Hell)
  13 golden dragons
  Jory (Crypt:3)
  A profane servitor (Crypt:3)
  A bone dragon (Crypt:3)
  Frederick (Vaults:2)
  3 electric golems
  2 caustic shrikes
  A Hell Sentinel (Vaults:5)
  9 liches
  11 tentacled monstrosities
  An Orb Guardian (Zot:5)
  6 titans
  A deep elf master archer (Elf:3)
  16 acid blobs
  A kraken (Shoals:5)
  5 ancient champions
  5 sphinxes
  An octopode crusher (Depths:5)
  5 tentacled starspawn (Abyss:1)
  7 shadow dragons
  11 tengu reavers
  11 storm dragons
  6 revenants
  A draconian monk (Zot:4)
  19 fire giants
  10 azure jellies
  21 frost giants
  6 iron dragons
  6 draconian knights
  12 ghost moths
  10 vault wardens
  2 draconian scorchers (Zot:5)
  A deep elf sorcerer (Elf:3)
  A draconian zealot (Zot:4)
  A curse skull (Crypt:1)
  7 emperor scorpions
  An orc warlord (Vaults:5)
  4 draconian shifters
  4 draconian annihilators
  2 war gargoyles (Vaults:5)
  3 draconian callers
  3 reapers
  6 vampire knights
  10 very ugly things
  A green draconian (Zot:3)
  3 grey draconians
  A spectral titan (Crypt:3)
  2 salamander firebrands
  A bennu (Tomb:1)
  4 purple draconians
  3 deep elf annihilators (Elf:3)
  6 yellow draconians
  5 black draconians
  10 mottled draconians
  2 red draconians
  8 dire elephants
  5 deep elf demonologists
  5 white draconians
  23 stone giants
  A green death (Depths:4)
  2 pale draconians
  18 ettins
  7 death oozes
  5 merfolk javelineers
  9 deep elf death magi
  An ettin (shapeshifter) (D:15)
  5 eidola
  5 mummy priests
  24 jiangshi
  A spectral quicksilver dragon (Hell)
  28 vault guards
  A quicksilver dragon zombie (Crypt:1)
  8 merfolk impalers
  4 minotaurs
  17 yaktaur captains
  2 deep elf high priests (Vaults:5)
  Josephine (Orc:3)
  7 death cobs
  21 fire dragons
  6 hydras
  6 great orbs of eyes
  5 rakshasas
  Fannar (D:11)
  17 ironheart preservers
  12 ice dragons
  A spectral shadow dragon (Crypt:3)
  A quicksilver dragon skeleton (Tomb:1)
  7 spriggan air magi
  A monstrous demonspawn (Depths:4)
  Nessos (Orc:4)
  3 merfolk avatars (Shoals:5)
  2 alligator snapping turtles
  10 dancing weapons
  13 ogre magi
  2 satyrs (Shoals:5)
  A spectral stone giant (Hell)
  4 wandering mushrooms
  10 deep troll earth magi
  2 death knights
  2 merfolk aquamancers (Shoals:5)
  A spectral fire giant (Crypt:3)
  17 death yaks
  11 centaur warriors
  2 sun demons
  7 vampire magi
  3 orc high priests (Orc:4)
  2 thrashing horrors (Abyss:1)
  6 deep troll shamans
  3 soul eaters
  Urug (Orc:4)
  4 hell hogs
  8 tengu warriors
  6 spriggan berserkers
  3 fire crabs
  A catoblepas (Depths:1)
  A titan skeleton (Crypt:2)
  3 wretched stars (Abyss:1)
  34 hell knights
  An ice devil (Abyss:1)
  6 salamander mystics
  4 spatial maelstroms (Abyss:1)
  10 iron trolls
  20 deep elf knights
  7 sea snakes
  A death drake (Depths:2)
  7 shadow wraiths
  An anaconda zombie (Abyss:1)
  A giant orange brain (shapeshifter) (Vaults:5)
  34 skeletal warriors
  10 flayed ghosts
  A spriggan druid (Depths:1)
  5 unseen horrors
  26 deep trolls
  7 deep elf summoners
  4 death scarabs (Tomb:1)
  An ice statue (IceCv)
  4 giant orange brains
  3 lindwurms (shapeshifter)
  9 hill giants
  5 wizards
  11 ironbrand convokers
  An anaconda skeleton (Crypt:2)
  An anubis guard (shapeshifter) (Depths:3)
  34 wolf spiders
  11 orb spiders
  A putrid demonspawn (Depths:4)
  2 harpies (shapeshifter)
  7 shining eyes
  21 deep elf conjurers
  8 harpies
  3 lindwurms
  26 necromancers
  5 orc sorcerers
  8 cyclopes
  A water nymph (shapeshifter) (Depths:1)
  2 spectral ettins (Hell)
  A guardian serpent (shapeshifter) (D:15)
  2 mana vipers (shapeshifter)
  15 orc knights
  8 salamanders
  6 hornets
  9 phantasmal warriors
  16 griffons
  36 ugly things
  11 manticores
  33 moths of wrath
  5 water nymphs
  A frost giant skeleton (Vaults:5)
  3 fauns (Shoals:5)
  An iron dragon skeleton (Depths:1)
  7 sirens
  7 rust devils
  Maurice (D:11)
  2 eyes of devastation
  A stone giant skeleton (Crypt:1)
  A guardian serpent (Lair:8)
  Joseph (D:8)
  2 molten gargoyles
  6 spiny frogs
  An orange demon (Abyss:1)
  4 fire giant skeletons
  10 vault sentinels
  5 gargoyles
  2 torpor snails
  2 black mambas
  A spiny frog (shapeshifter) (Vaults:4)
  5 smoke demons (Abyss:1)
  A dire elephant skeleton (Crypt:2)
  A komodo dragon (Lair:1)
  A storm dragon simulacrum (Vaults:5)
  40 yaktaurs
  17 large abominations
  8 demonic crawlers
  3 fire drakes
  A grey draconian zombie (Zot:5)
  An ancient zyme (Abyss:1)
  3 hellwings (Abyss:1)
  3 tengu conjurers
  A kobold demonologist (D:15)
  A mottled draconian skeleton (Zot:5)
  6 freezing wraiths
  12 trolls
  14 deep elf priests
  A wind drake (Shoals:4)
  A ghoul skeleton (Crypt:2)
  A purple draconian skeleton (Crypt:1)
  A jumping spider (shapeshifter) (Vaults:3)
  9 guardian mummies
  A tormentor (Abyss:1)
  A red draconian skeleton (Crypt:2)
  29 merfolk
  2 silent spectres
  2 blue devils
  An iron troll skeleton (Crypt:1)
  14 polar bears
  5 raiju (Abyss:1)
  27 jumping spiders
  133 slime creatures
  23 two-headed ogres
  4 blink frogs (Lair:6)
  A queen bee (Depths:3)
  A raven (shapeshifter) (Vaults:5)
  4 boulder beetles
  5 snapping turtles
  2 hydra skeletons
  3 basilisks (Lair:7)
  A fire giant simulacrum (Tomb:1)
  The ghost of Mayheim the Insei, an average OpTm (D:5)
  12 air elementals
  6 ravens
  An ettin zombie (Hell)
  74 flying skulls
  6 shadows
  14 tarantellas
  2 griffon skeletons
  13 water elementals
  4 ettin skeletons
  3 humans
  4 spriggans
  5 starcursed masses (Abyss:1)
  27 deep elf magi
  A basilisk (shapeshifter) (D:15)
  2 fire dragon skeletons
  22 redbacks
  10 wraiths
  2 neqoxecs (Abyss:1)
  5 vampires
  11 trapdoor spiders
  5 hippogriffs
  2 ynoxinuls (Abyss:1)
  Eustachio (D:6)
  49 yaks
  A tarantella (shapeshifter) (D:14)
  A spriggan (shapeshifter) (Vaults:5)
  10 golden eyes
  Grum (Orc:4)
  2 hogs (shapeshifter) (Vaults:1)
  4 wyverns
  5 fire elementals
  4 hungry ghosts
  3 chaos spawn
  12 vampire mosquitoes
  18 wolves
  50 deep elf fighters
  Edmund (D:6)
  2 human zombies
  5 spatial vortices (Abyss:1)
  7 swamp drakes
  A spectral snapping turtle (Hell)
  4 mottled dragons
  10 human skeletons
  35 spiders
  8 water moccasins
  2 porcupines
  A spiny frog skeleton (Crypt:1)
  5 wargs
  32 orc warriors
  A putrid demonspawn skeleton (Depths:4)
  A human simulacrum (Vaults:3)
  50 ogres
  An eye of draining (shapeshifter) (D:15)
  4 wasps
  6 eyes of draining
  10 ice beasts
  2 sky beasts
  2 ice dragon simulacra
  2 boring beetles
  18 centaurs
  A manticore skeleton (Crypt:2)
  12 boggarts
  3 crocodiles
  4 phantoms
  3 lost souls
  A snapping turtle skeleton (Crypt:2)
  An ettin simulacrum (Vaults:5)
  Sigmund (D:6)
  A spectral human (Hell)
  Duvessa (Orc:1)
  10 giant frogs
  A big kobold (D:11)
  A yaktaur skeleton (Crypt:2)
  A glowing shapeshifter simulacrum (Vaults:1)
  A wyvern skeleton (D:12)
  5 scorpions
  31 killer bees
  8 wights
  14 small abominations
  2 electric eels (Orc:4)
  Dowan (Orc:1)
  7 crimson imps
  8 hounds
  4 iron imps
  25 jellies
  2 giant frog skeletons
  4 iguanas
  3 quasits (Depths:4)
  3 centaur skeletons
  35 orc priests
  7 worker ants
  An elf skeleton (Depths:1)
  22 orc wizards
  8 hell rats
  A killer bee zombie (D:11)
  15 sheep
  A crocodile skeleton (Crypt:2)
  A big kobold skeleton (Crypt:2)
  2 hound skeletons
  4 mummies (Tomb:1)
  25 adders
  A gnoll (shapeshifter) (Vaults:5)
  A gnoll (D:10)
  37 river rats
  2 shadow imps (Depths:4)
  A white imp (Depths:5)
  A worm (D:2)
  4 removed MONS_GIANT_MITEs
  3 ufetubi (Abyss:1)
  2 orc simulacra (Orc:3)
  An adder zombie (D:5)
  4 oozes (Lair:7)
  172 orcs
  14 bats
  3 giant cockroaches
  A giant cockroach (shapeshifter) (Vaults:5)
  16 hobgoblins
  2 jackals (D:1)
  16 kobolds
  9 quokkas
  A ball python (D:3)
  10 giant geckos
  5 giant newts
  2 giant spores (Orc:4)
  A gnoll skeleton (Crypt:1)
  10 goblins
  An orc zombie (Orc:3)
  2 quokka skeletons
  10 rats
  3 ballistomycetes (Orc:4)
  A butterfly (Lair:2)
  A plant (Lair:1)
  A starspawn tentacle (Abyss:1)
  A tentacle (Shoals:5)
  3 toadstools
2851 creatures vanquished.

Vanquished Creatures (collateral kills)
  Norris (Shoals:5)
  A Killer Klown (Zot:3)
  2 Orb Guardians (Zot:5)
  An Ice Fiend (Elf:3)
  3 liches
  A tentacled monstrosity (Zot:3)
  2 deep elf blademasters (Elf:3)
  A quicksilver dragon (Vaults:5)
  A deep elf master archer (Elf:3)
  3 acid blobs (Slime:6)
  A tengu reaver (Depths:4)
  A storm dragon (Zot:5)
  An azure jelly (Slime:6)
  Ilsuiw (Shoals:5)
  3 deep elf sorcerers (Elf:3)
  Louise (D:14)
  A draconian scorcher (Zot:2)
  4 draconian zealots (Zot:5)
  A vault warden (Vaults:2)
  An emperor scorpion (Spider:5)
  The ghost of Thrillho the Unseen, a powerful OpBe of Trog (Lair:8)
  A draconian shifter (Zot:5)
  A spriggan defender (Depths:3)
  A draconian annihilator (Zot:3)
  A very ugly thing (Abyss:1)
  A stone giant (Shoals:4)
  6 grey draconians
  6 deep elf demonologists (Elf:3)
  3 green draconians
  A bennu (Tomb:1)
  4 deep elf annihilators (Elf:3)
  A white draconian (Zot:3)
  A purple draconian (Zot:5)
  A removed MONS_UNBORN (Crypt:3)
  An ettin (Vaults:3)
  3 death oozes (Slime:6)
  A merfolk javelineer (Shoals:5)
  4 deep elf death magi
  A deep elf high priest (Elf:3)
  A death cob (Crypt:3)
  3 jiangshi
  A fire dragon (Zot:5)
  A minotaur (shapeshifter) (Elf:3)
  An ogre mage (Vaults:5)
  An unseen horror (D:11)
  Harold (Lair:4)
  4 wandering mushrooms
  2 hydras
  A spriggan air mage (Depths:5)
  An alligator snapping turtle (Shoals:3)
  A merfolk aquamancer (Shoals:4)
  4 dancing weapons (Elf:2)
  A death knight (Crypt:3)
  10 death yaks
  A satyr (Shoals:4)
  A spriggan berserker (Depths:3)
  2 orc high priests (Orc:4)
  The ghost of Tolias the Martial Artist, an experienced OpCK of Xom (D:9)
  Nergalle (Lair:8)
  A catoblepas (Lair:8)
  A wretched star (Abyss:1)
  Erolcha (D:9)
  A hell knight (Depths:3)
  2 death scarabs (Tomb:1)
  An ice devil (D:14)
  A skeletal warrior (Crypt:3)
  3 sea snakes
  3 deep elf knights
  4 large abominations (Abyss:1)
  A deep elf summoner (Elf:3)
  4 harpies
  A deep troll (Vaults:2)
  A deep elf conjurer (Orc:4)
  2 ugly things
  4 fauns (Shoals:4)
  3 necromancers
  6 wolf spiders
  A flayed ghost (Vaults:1)
  3 griffons
  3 cyclopes
  A shadow dragon skeleton (Vaults:5)
  3 orc knights
  A water nymph (Shoals:5)
  6 sirens
  6 black mambas
  5 manticores
  A black mamba (shapeshifter) (Elf:3)
  4 hornets
  2 draconian skeletons (Zot:5)
  2 smoke demons (Abyss:1)
  3 moths of wrath
  An iron dragon skeleton (Crypt:1)
  A vault sentinel (Vaults:3)
  A centaur skeleton (D:13)
  A gargoyle (D:11)
  An orange demon (Elf:3)
  14 spiny frogs
  4 deep elf priests
  2 mottled dragons
  2 demonic crawlers
  4 komodo dragons
  3 fire drakes
  A red devil (Elf:3)
  3 two-headed ogres
  10 merfolk
  A queen bee (shapeshifter) (D:14)
  A pale draconian skeleton (Zot:5)
  4 jumping spiders
  2 trolls
  A polar bear (Lair:8)
  4 blink frogs (Lair:2)
  2 freezing wraiths
  3 blue devils
  Prince Ribbit (D:8)
  A raven (D:14)
  3 slime creatures
  2 trapdoor spiders (Spider:5)
  18 yaks
  8 tarantellas
  9 redbacks
  3 deep elf magi
  A snapping turtle (Shoals:3)
  2 basilisks (Lair:6)
  A shadow (D:13)
  5 flying skulls
  2 ynoxinuls (Elf:3)
  A water elemental (Shoals:3)
  A wraith (Crypt:3)
  6 hippogriffs
  A neqoxec (Orc:4)
  2 wyverns
  6 deep elf fighters
  23 wolves
  17 water moccasins
  4 vampire mosquitoes
  A hungry ghost (D:10)
  15 orc warriors
  6 ice beasts
  5 wasps
  7 porcupines
  A necrophage (D:9)
  19 spiders
  2 boring beetles
  2 phantoms
  2 centaurs
  A lost soul (Elf:3)
  2 crocodiles
  An ettin simulacrum (Vaults:3)
  11 ogres
  2 gnoll sergeants
  7 giant frogs
  A wyvern skeleton (D:13)
  4 killer bees
  9 worker ants
  10 wights
  3 crimson imps
  2 starcursed masses (Abyss:1)
  9 orc priests
  2 jellies (D:9)
  10 orc wizards
  12 iguanas
  7 sheep
  A necrophage skeleton (Crypt:2)
  A hound skeleton (D:9)
  6 mummies (Tomb:1)
  14 adders
  11 gnolls
  58 river rats
  A shadow imp (D:13)
  An ufetubus (Abyss:1)
  An adder skeleton (D:9)
  2 giant geckos
  45 orcs
  2 bats
  2 goblins
  4 quokkas
  4 giant spores (Orc:4)
  A goblin simulacrum (Orc:3)
  A hobgoblin skeleton (Orc:3)
  2 jackals (D:10)
  A jackal skeleton (D:4)
  4 kobolds
  An orc skeleton (Abyss:1)
  A quokka skeleton (D:4)
  2 rats
  A butterfly (Lair:2)
  A tentacle (Shoals:5)
  3 toadstools
697 creatures vanquished.

Vanquished Creatures (others)
  An ancient lich (Depths:3)
  A tengu reaver (Depths:4)
  2 thorn hunters (Shoals:4)
  9 ghouls
  A blizzard demon (Zot:3)
  4 spellforged servitors
  9 oklob plants
  A hell beast (Zot:1)
  A death knight (Crypt:3)
  A deep troll (Zot:2)
  2 necromancers
  6 air elementals
  3 wolf spider zombies
  15 water elementals
  A moth of wrath (Zot:5)
  A deep elf mage (Elf:1)
  2 drowned souls (Shoals:5)
  A gargoyle (D:11)
  A fire drake (Lair:4)
  A polar bear (IceCv)
  2 fire vortices (Volcano)
  A bog body (Crypt:3)
  A slime creature (Slime:5)
  A hornet zombie (Crypt:1)
  2 yaks (Lair:1)
  2 wolves (IceCv)
  A swamp drake (Depths:2)
  11 necrophages
  A centaur (D:4)
  An ogre (Vaults:3)
  10 lost souls
  A small abomination (Abyss:1)
  A crimson imp (D:11)
  A hound (D:11)
  A worker ant (D:11)
  A killer bee zombie (D:8)
  A scorpion zombie (Crypt:2)
  2 worker ant zombies (D:7)
  An adder (D:11)
  An adder zombie (D:9)
  3 orcs
  5 giant spores
  115 wandering mushrooms
  4 ballistomycetes
  A briar patch (Lair:6)
  10 fungi
  7 plants
  9 starspawn tentacles (Abyss:1)
  9 starspawn tentacle segments (Abyss:1)
  8 tentacles (Shoals:5)
  491 tentacle segments (Shoals:5)
  2731 toadstools
3499 creatures vanquished.

Grand Total: 7047 creatures vanquished

Notes
Turn   | Place    | Note
--------------------------------------------------------------
     0 | D:1      | M4edhros, the Octopode Artificer, began the quest for the Orb.
     0 | D:1      | Reached XP level 1. HP: 13/13 MP: 1/1
   323 | D:2      | Reached XP level 2. HP: 9/18 MP: 3/3
   598 | D:2      | Reached skill level 4 in Stealth
   598 | D:2      | Reached XP level 3. HP: 21/23 MP: 4/4
   835 | D:3      | Reached skill level 5 in Stealth
   835 | D:3      | Reached XP level 4. HP: 19/28 MP: 6/6
   841 | D:3      | Reached skill level 6 in Stealth
  1207 | D:4      | Noticed a centaur
  1252 | D:5      | Entered Level 5 of the Dungeon
  1258 | D:5      | Reached XP level 5. HP: 33/33 MP: 7/7
  1301 | D:5      | Reached skill level 7 in Stealth
  1628 | D:5      | Noticed Mayheim's ghost (average OpTm)
  1978 | D:5      | Found a staircase to the Ecumenical Temple.
  1983 | Temple   | Entered the Ecumenical Temple
  1997 | Temple   | Became a worshipper of Xom the Psychopath
  2050 | Temple   | Fell from the grace of Xom
  2050 | Temple   | Became a worshipper of Fedhas Madash
  2239 | D:1      | Reached skill level 8 in Stealth
  2305 | D:1      | XOM: noise
  2470 | D:1      | XOM: medium Summ miscast
  2471 | D:1      | Noticed a small abomination
  2794 | D:2      | Acquired Fedhas's first power
  2845 | D:2      | Reached XP level 6. HP: 33/38 MP: 9/9
  3043 | D:2      | Reached skill level 1 in Polearms
  3115 | D:2      | Found an iron altar of Okawaru.
  3115 | D:2      | Found a sacrificial altar of Ru.
  3115 | D:2      | Found a bloodstained altar of Trog.
  3116 | D:2      | Found a sparkling altar of Nemelex Xobeh.
  3116 | D:2      | Found a glowing golden altar of the Shining One.
  3118 | D:2      | Found a stormy altar of Qazlal.
  3657 | D:3      | XOM: give mutations
  3657 | D:3      | Gained mutation: Your body is slowly deteriorating. [Xom's mischief]
  3657 | D:3      | Gained mutation: Your body is deteriorating. [Xom's mischief]
  3657 | D:3      | Gained mutation: You can spit weak poison. [Xom's mischief]
  3657 | D:3      | Gained mutation: Potions and wands are less effective at restoring your health. [Xom's mischief]
  3740 | D:3      | XOM: give mutations
  3740 | D:3      | Lost mutation: Your body is deteriorating. [Xom's mischief]
  3740 | D:3      | Gained mutation: You occasionally shout uncontrollably at your foes. [Xom's mischief]
  3740 | D:3      | Gained mutation: You are weak. (Str -2) [Xom's mischief]
  3740 | D:3      | Gained mutation: You are occasionally teleported to nearby monsters. [Xom's mischief]
  3859 | D:4      | XOM: medium Trmt miscast
  3938 | D:4      | a centaur (ally) was killed
  3942 | D:4      | Reached skill level 1 in Invocations
  4181 | D:4      | Noticed an ogre
  4192 | D:4      | Killed an ogre
  4192 | D:4      | Reached XP level 7. HP: 42/44 MP: 11/11
  4209 | D:4      | Learned a level 2 spell: Swiftness
  4212 | D:4      | Learned a level 2 spell: Repel Missiles
  4322 | D:4      | XOM: scenery: 2 doors close
  4474 | D:6      | Acquired Fedhas's second power
  4639 | D:6      | XOM: mild Conj miscast
  4729 | D:6      | XOM: 1-stop teleportation journey
  4730 | D:6      | Noticed Edmund
  4760 | D:6      | Killed Edmund
  4962 | D:6      | Reached XP level 8. HP: 51/51 MP: 13/13
  4970 | D:6      | Reached skill level 9 in Stealth
  5011 | D:6      | Noticed Sigmund
  5022 | D:6      | Killed Sigmund
  5399 | D:6      | Noticed Eustachio
  5408 | D:6      | Killed Eustachio
  5473 | D:6      | Reached skill level 5 in Evocations
  5610 | D:6      | Noticed a thorn hunter
  5610 | D:6      | a wandering mushroom changed into a thorn hunter
  5610 | D:6      | XOM: polymorph wandering mushroom -> thorn hunter
  6098 | D:7      | Lost mutation: You are occasionally teleported to nearby monsters. [potion of cure mutation]
  6098 | D:7      | Lost mutation: Your body is slowly deteriorating. [potion of cure mutation]
  6098 | D:7      | Lost mutation: You are weak. (Str -2) [potion of cure mutation]
  6098 | D:7      | Lost mutation: You occasionally shout uncontrollably at your foes. [potion of cure mutation]
  6163 | D:7      | Reached skill level 1 in Long Blades
  6165 | D:7      | XOM: mild Ice miscast
  6263 | D:7      | Reached skill level 1 in Charms
  6263 | D:7      | Reached skill level 1 in Air Magic
  6771 | D:7      | Found a snail-covered altar of Cheibriados.
  6808 | D:7      | XOM: give mutations
  6808 | D:7      | Gained mutation: Armour fits poorly on your strangely shaped body. [Xom's mischief]
  6808 | D:7      | Gained mutation: You are weak. (Str -2) [Xom's mischief]
  6848 | D:8      | Reached skill level 1 in Spellcasting
  6865 | D:8      | Reached XP level 9. HP: 50/57 MP: 16/16
  6931 | D:8      | Noticed Prince Ribbit
  6937 | D:8      | Noticed Joseph
  6944 | D:8      | Killed Prince Ribbit
  6956 | D:8      | Killed Joseph
  7123 | D:8      | Learned a level 3 spell: Regeneration
  7137 | D:8      | Acquired Fedhas's third power
  7254 | D:8      | XOM: mild Erth miscast
  7436 | D:9      | XOM: medium Fire miscast
  7443 | D:9      | Found a white marble altar of Elyvilon.
  7465 | D:9      | Noticed Erolcha
  7468 | D:9      | XOM: medium Hex miscast
  7470 | D:9      | Killed Erolcha
  7470 | D:9      | Reached skill level 10 in Stealth
  7503 | D:9      | Reached skill level 1 in Slings
  7534 | D:9      | Lost mutation: You can spit weak poison. [potion of mutation]
  7534 | D:9      | Gained mutation: You are partially covered in molten scales (AC +1). [potion of mutation]
  7798 | D:9      | XOM: harmless Necr miscast
  7811 | D:9      | Acquired Fedhas's fourth power
  7878 | D:9      | Reached skill level 5 in Invocations
  7886 | D:9      | Reached XP level 10. HP: 55/63 MP: 19/19
  8244 | D:9      | Noticed Tolias' ghost (experienced OpCK)
  8251 | D:9      | Killed Tolias' ghost
  8380 | D:9      | XOM: cast spell 'Summon Butterflies'
  8392 | D:10     | Entered Level 10 of the Dungeon
  8478 | D:10     | XOM: noise
  8511 | D:10     | Noticed a seven-headed hydra
  8524 | D:10     | Killed a seven-headed hydra
  8524 | D:10     | Reached skill level 5 in Dodging
  8579 | D:10     | XOM: mild Pois miscast
  8615 | D:10     | XOM: medium Fire miscast
  8746 | D:10     | Acquired Fedhas's fifth power
  8817 | D:10     | XOM: mild Divn miscast
  8939 | D:10     | XOM: medium Conj miscast
  8961 | D:10     | XOM: medium Necr miscast
  9182 | D:11     | Found a staircase to the Lair.
  9182 | D:11     | Noticed an oklob plant
  9291 | Lair:1   | Entered Level 1 of the Lair of Beasts
  9534 | Lair:1   | Identified a scroll of acquirement
  9550 | Lair:1   | Noticed a thorn hunter
  9550 | Lair:1   | a wandering mushroom changed into a thorn hunter
  9550 | Lair:1   | XOM: polymorph wandering mushroom -> thorn hunter
  9550 | Lair:1   | Was forgiven by Xom
  9615 | Lair:1   | Identified a +0 rod of inaccuracy (13/13) (You found it on level 1 of the Lair of Beasts)
  9731 | Lair:1   | Reached skill level 11 in Stealth
  9784 | Lair:1   | Reached skill level 5 in Fighting
  9784 | Lair:1   | Reached XP level 11. HP: 69/71 MP: 22/22
 10123 | Lair:2   | Noticed a seven-headed hydra
 10183 | Lair:2   | Reached skill level 5 in Spellcasting
 10394 | Lair:2   | Killed a seven-headed hydra
 10850 | Lair:3   | Reached skill level 5 in Charms
 11161 | Lair:3   | Found a hole to the Spider Nest.
 11277 | Lair:3   | Reached skill level 1 in Necromancy
 11923 | Lair:4   | Noticed Harold
 11946 | Lair:4   | Killed Harold
 11949 | Lair:4   | Reached skill level 5 in Air Magic
 11989 | Lair:4   | Noticed a death yak
 11991 | Lair:4   | Noticed a death yak
 11992 | Lair:4   | Noticed a death yak
 12003 | Lair:4   | Noticed a death yak
 12006 | Lair:4   | Killed a death yak
 12006 | Lair:4   | Reached XP level 12. HP: 51/74 MP: 25/25
 12007 | Lair:4   | Noticed a death yak
 12008 | Lair:4   | Noticed a death yak
 12013 | Lair:4   | Killed a death yak
 12015 | Lair:4   | Killed a death yak
 12019 | Lair:4   | Killed a death yak
 12021 | Lair:4   | Killed a death yak
 12023 | Lair:4   | Killed a death yak
 12763 | Lair:5   | Gained mutation: You are resistant to electric shocks. [potion of mutation]
 13000 | Lair:5   | Found a white marble altar of Elyvilon.
 13249 | Lair:5   | Found a staircase to the Shoals.
 13267 | Lair:5   | Reached skill level 12 in Stealth
 13742 | Lair:5   | Noticed a seven-headed hydra
 13746 | Lair:5   | Killed a seven-headed hydra
 13912 | Lair:6   | Noticed a five-headed hydra
 13918 | Lair:6   | Killed a five-headed hydra
 14438 | Lair:8   | Entered Level 8 of the Lair of Beasts
 14514 | Lair:8   | Reached skill level 10 in Evocations
 14566 | Lair:8   | Reached XP level 13. HP: 80/80 MP: 28/28
 14569 | Lair:8   | Noticed Thrillho's ghost (powerful OpBe)
 14576 | Lair:8   | Killed Thrillho's ghost
 14664 | Lair:8   | Noticed a seven-headed hydra
 14668 | Lair:8   | Killed a seven-headed hydra
 15068 | Lair:8   | Gained mutation: Your mind is acute. (Int +2) [potion of mutation]
 15068 | Lair:8   | Lost mutation: Your mind is acute. (Int +2) [potion of mutation]
 15084 | Lair:8   | Gained mutation: You possess an exceptional clarity of mind. [mutagenic meat]
 15085 | Lair:8   | Gained mutation: One of your tentacles bears a spike. [mutagenic meat]
 15310 | Lair:8   | Noticed Nergalle
 15347 | Lair:8   | Killed Nergalle
 15609 | Lair:8   | Reached skill level 1 in Shields
 16258 | Shoals:1 | Entered Level 1 of the Shoals
 16998 | Shoals:3 | Reached skill level 5 in Slings
 17024 | Shoals:3 | Reached skill level 5 in Shields
 17225 | Shoals:4 | Reached XP level 14. HP: 50/86 MP: 29/29
 17375 | Shoals:4 | Noticed a frost giant
 17379 | Shoals:4 | Noticed a stone giant
 17379 | Shoals:4 | Noticed a stone giant
 17395 | Shoals:4 | Killed a stone giant
 17398 | Shoals:4 | Killed a stone giant
 17488 | Shoals:4 | Killed a frost giant
 17523 | Shoals:4 | Noticed a frost giant
 17558 | Shoals:4 | Killed a frost giant
 17565 | Shoals:4 | Noticed a frost giant
 17579 | Shoals:4 | a thorn hunter (ally) was killed
 17579 | Shoals:4 | a thorn hunter (ally) was killed
 17593 | Shoals:4 | Killed a frost giant
 17759 | Shoals:4 | Learned a level 3 spell: Mephitic Cloud
 17763 | Shoals:4 | Learned a level 3 spell: Conjure Flame
 17766 | Shoals:4 | Learned a level 2 spell: Blink
 17787 | Shoals:4 | Noticed a merfolk impaler
 17839 | Shoals:4 | Killed a merfolk impaler
 18218 | D:11     | Noticed an unseen horror
 18256 | D:11     | Found a deep blue altar of Sif Muna.
 18272 | D:11     | Identified Sif Muna's Catalogue of Confrontation
 18308 | D:11     | Noticed Fannar
 18701 | D:11     | Killed an unseen horror
 18771 | D:11     | Noticed a cyclops
 18790 | D:11     | Killed a cyclops
 18869 | D:11     | Learned a level 6 spell: Haste
 18873 | D:11     | Lost mutation: Potions and wands are less effective at restoring your health. [potion of mutation]
 18873 | D:11     | Gained mutation: You expend magic power (3 MP) to strengthen your wands. [potion of mutation]
 18975 | D:11     | Found a shattered altar of Ashenzari.
 19006 | D:11     | Killed Fannar
 19108 | D:11     | Noticed Maurice
 19114 | D:11     | Killed Maurice
 19136 | D:11     | Noticed a six-headed hydra
 19143 | D:11     | Killed a six-headed hydra
 19199 | D:11     | Found a staircase to the Orcish Mines.
 19288 | Orc:1    | Entered Level 1 of the Orcish Mines
 19526 | Orc:2    | Found a dark tunnel.
 19549 | Volcano  | Entered a volcano
 19676 | Volcano  | Reached skill level 10 in Shields
 19698 | Volcano  | Got a steaming emerald amulet
 20251 | Orc:3    | Found a frozen archway.
 20332 | IceCv    | Entered an ice cave
 20867 | IceCv    | Reached XP level 15. HP: 74/92 MP: 29/29
 20977 | IceCv    | Noticed a frost giant
 20992 | IceCv    | Killed a frost giant
 21326 | Orc:3    | Noticed Josephine
 21339 | Orc:3    | Killed Josephine
 21371 | Orc:3    | Found Griruagg's Jewellery Emporium.
 21396 | Orc:3    | Learned a level 6 spell: Freezing Cloud
 21763 | Orc:4    | Entered Level 4 of the Orcish Mines
 21763 | Orc:4    | Found a labyrinth entrance.
 21763 | Orc:4    | Noticed Grum
 21785 | Orc:4    | Killed Grum
 21804 | Lab      | Entered a labyrinth
 22049 | Lab      | Reached skill level 1 in Conjurations
 22053 | Lab      | Got a bloodstained scimitar
 22069 | Lab      | Identified a +2 rod of destruction (10/10) (You found it in a labyrinth)
 22347 | Orc:4    | Noticed Nessos
 22356 | Orc:4    | Killed Nessos
 22407 | Orc:4    | Reached skill level 1 in Ice Magic
 22601 | Orc:4    | Found a staircase to the Elven Halls.
 22739 | Orc:4    | Lost mutation: One of your tentacles bears a spike. [a neqoxec]
 22874 | Orc:4    | Found Psiumuq's Food Emporium.
 22874 | Orc:4    | Found Gakemnue's Weapon Emporium.
 22874 | Orc:4    | Found Ejygaergh's Antique Armour Shoppe.
 22874 | Orc:4    | Found Juatih's General Store.
 22883 | Orc:4    | Bought a potion of mutation for 40 gold pieces
 22883 | Orc:4    | Gained mutation: You are partially covered in slimy green scales (AC +2). [potion of mutation]
 22883 | Orc:4    | Gained mutation: Your spells are a little harder to cast, but a little more powerful. [potion of mutation]
 22883 | Orc:4    | Lost mutation: You are weak. (Str -2) [potion of mutation]
 22891 | Orc:4    | Bought 2 fruits for 39 gold pieces
 22891 | Orc:4    | Bought 2 fruits for 39 gold pieces
 22894 | Orc:4    | Bought the +2 shield of Resistance {rF+ rC+ MR+} for 657 gold pieces
 23194 | Orc:4    | Noticed Urug
 23216 | Orc:4    | Killed Urug
 23752 | Orc:1    | Noticed Duvessa
 23756 | Orc:1    | Noticed Dowan
 23761 | Orc:1    | Killed Duvessa
 23766 | Orc:1    | Killed Dowan
 24234 | D:11     | Killed an oklob plant
 24938 | D:12     | Identified the amulet "Sobuskodd" {Spirit rC+} (You found it in a volcano)
 26317 | D:13     | Gained mutation: You are partially covered in iridescent scales (AC +4). [mutagenic meat]
 27363 | D:14     | Noticed Louise
 27902 | D:14     | Killed Louise
 27902 | D:14     | Reached XP level 16. HP: 97/97 MP: 31/31
 28101 | D:14     | Reached skill level 10 in Invocations
 28108 | D:14     | Gained mutation: You are dopey. (Int -2) [mutagenic meat]
 28109 | D:14     | Lost mutation: You possess an exceptional clarity of mind. [mutagenic meat]
 28230 | D:14     | Found a gate to the Vaults.
 28382 | D:15     | Entered Level 15 of the Dungeon
 28948 | Elf:1    | Entered Level 1 of the Elven Halls
 29072 | Elf:1    | Found Kism's Jewellery Shop.
 29468 | Elf:1    | Identified a +8 rod of ignition (9/9) (You took it off a deep elf mage on level 1 of the Elven Halls)
 30024 | Elf:3    | Entered Level 3 of the Elven Halls
 30178 | Elf:3    | Reached skill level 5 in Ice Magic
 30438 | Elf:3    | Reached skill level 5 in Conjurations
 30605 | Elf:3    | Paralysed by a deep elf conjurer for 5 turns
 30943 | Elf:3    | Cast into the Abyss (a deep elf demonologist)
 30958 | Abyss:1  | Found a corrupted altar of Lugonu.
 31197 | Abyss:1  | Reached skill level 10 in Air Magic
 31230 | Abyss:1  | Noticed a tentacled starspawn
 31247 | Abyss:1  | Killed a tentacled starspawn
 31344 | Abyss:1  | Noticed a tentacled starspawn
 31929 | Abyss:1  | Reached XP level 17. HP: 18/92 MP: 0/28
 31965 | Abyss:1  | Noticed a tentacled starspawn
 32030 | Abyss:1  | Killed a tentacled starspawn
 32205 | Abyss:1  | Upgraded the game from 0.16-a0-2984-g889390b to 0.16-a0-3003-ga5c7ff4
 32644 | Abyss:1  | Gained mutation: You are very dopey. (Int -4) [a neqoxec]
 32707 | Abyss:1  | Paralysed by a chaos spawn for 7 turns
 32800 | Elf:3    | Escaped the Abyss
 32909 | Elf:3    | Reached skill level 10 in Charms
 32957 | Elf:3    | Noticed a deep elf blademaster
 32960 | Elf:3    | Noticed a deep elf blademaster
 32975 | Elf:3    | Killed a deep elf blademaster
 32992 | Elf:3    | Killed a deep elf blademaster
 33008 | Elf:3    | Got a heavily runed golden ring
 33014 | Elf:3    | Identified the ring "Shroisoqu" {+/*Tele Contam +Blink Int-2} (You took it off a deep elf blademaster on level 3 of the Elven Halls)
 33117 | Elf:3    | Noticed a deep elf master archer
 33155 | Elf:3    | Noticed a deep elf master archer
 33166 | Elf:3    | Killed a deep elf master archer
 33193 | Elf:3    | Killed a deep elf master archer
 33201 | Elf:3    | Noticed an Ice Fiend
 33211 | Elf:3    | Killed an Ice Fiend
 33570 | Elf:3    | Identified the Collected Works on Earth and Transformation
 33582 | Elf:3    | Identified a +4 rod of destruction (13/13) (You took it off a deep elf mage on level 3 of the Elven Halls)
 33613 | Elf:3    | Got a slimy hand axe
 33620 | Elf:3    | Got an ancient short sword
 33648 | Elf:3    | Identified the Guide on Arcane Weapons and Companions
 33689 | Elf:3    | Got a twisted short sword
 33799 | Elf:3    | Learned a level 5 spell: Ignite Poison
 34278 | Elf:2    | Reached skill level 1 in Transmutations
 34320 | Elf:2    | Found a huge runed gate.
 34321 | Elf:2    | Found a huge runed gate.
 34324 | Elf:2    | Found a huge runed gate.
 34844 | Elf:2    | Reached skill level 13 in Evocations
 35176 | Elf:2    | Reached skill level 1 in Fire Magic
 35334 | Elf:2    | Reached XP level 18. HP: 95/108 MP: 33/33
 35507 | Elf:2    | Learned a level 3 spell: Recall
 35756 | Elf:3    | Identified the cursed +2 short sword of Indignation {drain, Contam +Inv +Fly} (You found it on level 3 of the Elven Halls)
 35761 | Elf:3    | Identified the +10 short sword of Ral Otruwn {elec, rPois} (You found it on level 3 of the Elven Halls)
 36275 | Orc:4    | Bought a bread ration for 65 gold pieces
 36275 | Orc:4    | Bought a bread ration for 65 gold pieces
 36279 | Orc:4    | Bought 27 sling bullets for 216 gold pieces
 36862 | D:15     | Gained mutation: You can spit weak poison. [mutagenic meat]
 36898 | D:15     | Lost mutation: Your spells are a little harder to cast, but a little more powerful. [mutagenic meat]
 36899 | D:15     | Gained mutation: You are agile. (Dex +2) [mutagenic meat]
 36981 | D:15     | Gained mutation: You are resistant to hostile enchantments. [mutagenic meat]
 37046 | D:15     | Found a staircase to the Depths.
 37049 | D:15     | Gained mutation: You evolve. [mutagenic meat]
 37116 | D:15     | Lost mutation: Armour fits poorly on your strangely shaped body. [mutagenic meat]
 37122 | D:15     | Gained mutation: You passively map a small area around you. [mutagenic meat]
 37123 | D:15     | Lost mutation: You are very dopey. (Int -4) [mutagenic meat]
 37126 | D:15     | Gained mutation: Your muscles are strong. (Str +2) [mutagenic meat]
 37724 | D:14     | Gained mutation: Your magical capacity is low (-10% MP). [mutagenic meat]
 37725 | D:14     | Gained mutation: One of your tentacles bears a spike. [mutagenic meat]
 37726 | D:14     | Gained mutation: Your spells are a little harder to cast, but a little more powerful. [mutagenic meat]
 39580 | Lair:7   | Reached skill level 10 in Spellcasting
 39718 | Lair:7   | Found a runed door.
 39719 | Lair:7   | Found a viscous altar of Jiyva.
 39720 | Lair:7   | Found a staircase to the Slime Pits.
 40476 | Orc:3    | Bought an uncursed ring of poison resistance for 300 gold pieces
 40704 | Spider:1 | Entered Level 1 of the Spider Nest
 40961 | Spider:1 | Lost mutation: You expend magic power (3 MP) to strengthen your wands. [potion of mutation]
 42473 | Spider:3 | Reached skill level 5 in Fire Magic
 43069 | Spider:4 | Reached skill level 5 in Transmutations
 43125 | Spider:4 | Lost mutation: Your magical capacity is low (-10% MP). [mutagenic meat]
 43127 | Spider:4 | Lost mutation: One of your tentacles bears a spike. [mutagenic meat]
 43128 | Spider:4 | Lost mutation: You are agile. (Dex +2) [mutagenic meat]
 43488 | Spider:5 | Entered Level 5 of the Spider Nest
 43757 | Spider:5 | Lost mutation: You are resistant to hostile enchantments. [mutagenic meat]
 43758 | Spider:5 | Lost mutation: You evolve. [mutagenic meat]
 43774 | Spider:5 | Reached XP level 19. HP: 113/113 MP: 36/36
 44087 | Spider:5 | Reached skill level 14 in Stealth
 44218 | Spider:5 | Identified the Incunabulum of Helpful Creation
 44991 | Spider:5 | Lost mutation: You can spit weak poison. [mutagenic meat]
 45005 | Spider:5 | Lost mutation: You are partially covered in slimy green scales (AC +2). [mutagenic meat]
 45006 | Spider:5 | Gained mutation: One of your tentacles bears a spike. [mutagenic meat]
 45124 | Spider:5 | Got a gossamer rune of Zot
 45335 | Spider:1 | Learned a level 6 spell: Deflect Missiles
 45379 | Spider:1 | Noticed Frances
 46102 | Shoals:4 | Noticed a merfolk javelineer
 46113 | Shoals:4 | Killed a merfolk javelineer
 46253 | Shoals:4 | Noticed a merfolk impaler
 46276 | Shoals:4 | Killed a merfolk impaler
 46333 | Shoals:5 | Entered Level 5 of the Shoals
 46374 | Shoals:5 | Found Majeelis' Assorted Antiques.
 46488 | Shoals:5 | Noticed Ilsuiw
 46520 | Shoals:5 | Killed Ilsuiw
 46670 | Shoals:5 | Noticed Norris
 46684 | Shoals:5 | Killed Norris
 46782 | Shoals:5 | Reached skill level 15 in Evocations
 47831 | Shoals:5 | Got a barnacled rune of Zot
 47974 | Shoals:5 | Reached XP level 20. HP: 93/119 MP: 27/37
 48001 | Shoals:5 | Got a translucent steel ring
 48055 | Shoals:5 | Got an ancient steel amulet
 48697 | Lair:2   | Identified the ring "Qeuso" {Ice +Blink Str-3 Stlth+} (You took it off a merfolk javelineer on level 5 of the Shoals)
 48738 | Lair:1   | Identified the amulet "Bouf" {Inacc rPois Str+4 Int+3 Stlth--} (You found it on level 5 of the Shoals)
 48780 | Lair:2   | Learned a level 4 spell: Airstrike
 48953 | Vaults:1 | Entered Level 1 of the Vaults
 49631 | Vaults:1 | Reached skill level 15 in Stealth
 50597 | Vaults:2 | Noticed Frederick
 50615 | Vaults:2 | Killed Frederick
 50615 | Vaults:2 | Reached skill level 16 in Evocations
 51353 | Vaults:2 | Upgraded the game from 0.16-a0-3003-ga5c7ff4 to 0.16-a0-3029-g57b17b4
 51387 | Vaults:2 | Found a staircase to the Crypt.
 51624 | Vaults:2 | Found Yniurcha's Antique Armour Boutique.
 51863 | Vaults:2 | Found a glowing golden altar of the Shining One.
 52334 | Vaults:3 | Noticed Margery
 52523 | Vaults:3 | Killed Margery
 52738 | Vaults:3 | Reached XP level 21. HP: 124/124 MP: 32/39
 52746 | Vaults:3 | Found Chetzi's Book Boutique.
 52753 | Vaults:3 | Bought a book of Power for 630 gold pieces
 52864 | Vaults:3 | Got a slimy arbalest
 52953 | Vaults:3 | Identified the cursed +3 arbalest of Shame {freeze, rC+ Dex-5} (You found it on level 3 of the Vaults)
 53385 | Vaults:3 | Lost mutation: One of your tentacles bears a spike. [mutagenic meat]
 53749 | Vaults:4 | Found a flickering gateway to a bazaar.
 53779 | Bazaar   | Entered a bazaar
 53779 | Bazaar   | Found Stiom's General Store.
 53785 | Bazaar   | Found Gaesaaj's Weapon Emporium.
 53797 | Bazaar   | Found Brodog's Jewellery Shop.
 53803 | Bazaar   | Bought a +6 ring of evasion for 858 gold pieces
 53803 | Bazaar   | Bought the ring "Smigg" {+Fly rPois rN+} for 361 gold pieces
 53808 | Bazaar   | Found Agecwocs' Antique Armour Boutique.
 53813 | Bazaar   | Found Suttix's Antique Armour Shop.
 53821 | Bazaar   | Bought a fine buckler for 237 gold pieces
 53821 | Bazaar   | Identified the cursed -1 buckler "Cheburchuex" {+Rage MR+} (You bought it in a shop in a bazaar)
 53858 | Bazaar   | Bought an uncursed amulet of resist mutation for 440 gold pieces
 54632 | Vaults:4 | Reached skill level 17 in Evocations
 56470 | Vaults:5 | Entered Level 5 of the Vaults
 56791 | Vaults:5 | Gained mutation: You are clumsy. (Dex -2) [mutagenic meat]
 56816 | Vaults:5 | Got a shimmering arbalest
 56817 | Vaults:5 | Identified the +7 arbalest of the Firefly {penet, rC+ Int-3 Dex-3 SInv} (You found it on level 5 of the Vaults)
 56969 | Vaults:5 | Reached XP level 22. HP: 123/130 MP: 27/40
 57070 | Vaults:5 | Got a shimmering ivory amulet
 57072 | Vaults:5 | Got a slimy hat
 57073 | Vaults:5 | Identified the amulet of Gagoysuy {Inacc MR+ Str-5 Stlth-} (You found it on level 5 of the Vaults)
 57075 | Vaults:5 | Identified the cursed +0 hat of the Townfolk {rElec MR+} (You found it on level 5 of the Vaults)
 57139 | Vaults:5 | Noticed an ancient lich
 57307 | Vaults:5 | Killed an ancient lich
 57307 | Vaults:5 | Reached skill level 15 in Air Magic
 57514 | Vaults:5 | Noticed an ancient lich
 57811 | Vaults:5 | Gained mutation: Your body is slowly deteriorating. [mutagenic meat]
 57812 | Vaults:5 | Gained mutation: You are partially covered in large bone plates (AC +2, SH +2). [mutagenic meat]
 57891 | Vaults:5 | Reached skill level 10 in Conjurations
 57923 | Vaults:5 | Got a faintly glowing iron amulet
 57946 | Vaults:5 | Reached skill level 18 in Evocations
 58064 | Vaults:5 | Got a silver rune of Zot
 58076 | Vaults:5 | Identified the Papyrus of Conjuration and Poisoning
 58150 | Vaults:5 | Lost mutation: Your spells are a little harder to cast, but a little more powerful. [mutagenic meat]
 58385 | Vaults:5 | Killed an ancient lich
 58604 | Vaults:5 | Learned a level 5 spell: Dispel Undead
 58953 | Vaults:5 | Gained mutation: You can spit weak poison. [mutagenic meat]
 58955 | Vaults:5 | Lost mutation: You passively map a small area around you. [mutagenic meat]
 58956 | Vaults:5 | Gained mutation: You can spit poison. [mutagenic meat]
 59604 | Vaults:1 | Identified the amulet "Ablosa" {Faith Str+2 Dex+2} (You took it off a yaktaur captain on level 5 of the Vaults)
 59768 | Crypt:1  | Entered Level 1 of the Crypt
 60058 | Crypt:1  | Noticed Sojobo
 60071 | Crypt:1  | Reached skill level 15 in Spellcasting
 60077 | Crypt:1  | Killed Sojobo
 60371 | Crypt:1  | Reached XP level 23. HP: 43/135 MP: 41/41
 60485 | Crypt:1  | Gained mutation: Your body is deteriorating. [mutagenic glow]
 60659 | Crypt:1  | Identified the Almanac of Evil Rituals
 62200 | Crypt:2  | Reached skill level 19 in Evocations
 62209 | Crypt:3  | Entered Level 3 of the Crypt
 62472 | Crypt:3  | Reached skill level 5 in Necromancy
 62617 | Crypt:3  | Found an ancient bone altar of Kikubaaqudgha.
 63785 | Crypt:3  | Noticed Jory
 63796 | Crypt:3  | Killed Jory
 63824 | Crypt:3  | Found a staircase to the Tomb.
 63824 | Crypt:3  | Noticed Khufu
 63869 | Crypt:3  | Reached XP level 24. HP: 123/140 MP: 39/42
 63933 | Crypt:3  | Killed Khufu
 64652 | Vaults:4 | Learned a level 7 spell: Orb of Destruction
 65175 | Orc:3    | Bought an uncursed amulet of resist corrosion for 300 gold pieces
 65305 | Orc:4    | Bought a meat ration for 65 gold pieces
 65305 | Orc:4    | Bought a beef jerky for 19 gold pieces
 65305 | Orc:4    | Bought a meat ration for 65 gold pieces
 65309 | Orc:4    | Bought a potion of haste for 160 gold pieces
 66738 | Lair:8   | Learned a level 4 spell: Iskenderun's Mystic Blast
 67305 | Crypt:2  | Learned a level 6 spell: Poisonous Cloud
 67971 | Slime:1  | Entered Level 1 of the Pits of Slime
 67997 | Slime:1  | Gained mutation: You are occasionally teleported to nearby monsters. [a shining eye]
 69114 | Slime:6  | Entered Level 6 of the Pits of Slime
 69430 | Slime:6  | Reached skill level 20 in Evocations
 69738 | Slime:6  | Noticed the royal jelly
 69969 | Slime:6  | Reached skill level 1 in Summonings
 70213 | Slime:6  | Found a viscous altar of Jiyva.
 70456 | Slime:6  | Killed the royal jelly
 70533 | Slime:6  | Got a scintillating bone ring
 70646 | Slime:6  | Identified Sif Muna's Tome of Flight and Attacks (You found it on level 6 of the Pits of Slime)
 70649 | Slime:6  | Got a slimy rune of Zot
 70695 | Slime:6  | Got a shimmering buckler
 70696 | Slime:6  | Identified the ring "Lotsesul" {Fire +Fly rPois MR+} (You found it on level 6 of the Pits of Slime)
 70795 | Slime:6  | Identified the +3 buckler of Zin's Supremacy {+Blink rF++} (You found it on level 6 of the Pits of Slime)
 71233 | Lair:2   | Lost mutation: You are clumsy. (Dex -2) [potion of cure mutation]
 71233 | Lair:2   | Lost mutation: You are dopey. (Int -2) [potion of cure mutation]
 71233 | Lair:2   | Lost mutation: Your body is deteriorating. [potion of cure mutation]
 71233 | Lair:2   | Lost mutation: You are occasionally teleported to nearby monsters. [potion of cure mutation]
 71233 | Lair:2   | Lost mutation: Your muscles are strong. (Str +2) [potion of cure mutation]
 71960 | Depths:1 | Entered Level 1 of the Depths
 72064 | Depths:1 | You fall through a shaft!
 72238 | Depths:2 | Found a one-way gate to the infinite horrors of the Abyss.
 72511 | Depths:2 | Reached XP level 25. HP: 150/150 MP: 39/43
 72531 | Depths:2 | Gained mutation: You are robust (+10% HP). [mutagenic meat]
 72532 | Depths:2 | Gained mutation: You tend to lose your temper in combat. [mutagenic meat]
 72533 | Depths:2 | Gained mutation: Your muscles are strong. (Str +2) [mutagenic meat]
 73240 | Depths:2 | Got a smoking lajatang
 73415 | Depths:2 | Identified the +7 lajatang "Giantbane" {flame, Str-2} (You found it on level 2 of the Depths)
 73489 | Depths:2 | Found a gateway to Hell.
 74068 | Depths:3 | Reached skill level 5 in Summonings
 75095 | Depths:1 | Gained mutation: Armour fits poorly on your strangely shaped body. [mutagenic meat]
 75097 | Depths:1 | Gained mutation: Your system is resistant to poisons. [mutagenic meat]
 75333 | Depths:1 | Gained mutation: Your magical capacity is low (-10% MP). [mutagenic meat]
 75336 | Depths:1 | Lost mutation: Your magical capacity is low (-10% MP). [mutagenic meat]
 75337 | Depths:1 | Lost mutation: Your body is slowly deteriorating. [mutagenic meat]
 75376 | Depths:1 | Lost mutation: Armour fits poorly on your strangely shaped body. [mutagenic meat]
 75377 | Depths:1 | Gained mutation: You can translocate small distances at will. [mutagenic meat]
 76086 | Lair:1   | Learned a level 7 spell: Spellforged Servitor
 76622 | D:5      | Killed Mayheim's ghost
 76986 | Vaults:2 | Reached skill level 21 in Evocations
 77181 | Tomb:1   | Entered Level 1 of the Tomb of the Ancients
 77888 | Tomb:1   | Noticed an ancient lich
 78186 | Crypt:1  | Reached XP level 26. HP: 91/171 MP: 23/44
 78803 | Lair:1   | Learned a level 6 spell: Iron Shot
 80857 | Depths:3 | Found a runed door.
 81542 | Depths:3 | Reached skill level 10 in Summonings
 81568 | Depths:3 | Lost mutation: You are robust (+10% HP). [mutagenic meat]
 81569 | Depths:3 | Lost mutation: You can spit poison. [mutagenic meat]
 81889 | Depths:3 | Found a one-way gate leading to the halls of Pandemonium.
 81899 | Depths:3 | Got a wavering amber ring
 81905 | Depths:3 | Got an ichor-stained glaive
 81911 | Depths:3 | Noticed an ancient lich
 81960 | Depths:3 | Killed an ancient lich
 81966 | Depths:3 | Gained mutation: Your muscles are very strong. (Str +4) [mutagenic meat]
 81967 | Depths:3 | Gained mutation: One of your tentacles bears a spike. [mutagenic meat]
 82042 | Depths:3 | Lost mutation: You can spit weak poison. [mutagenic meat]
 82046 | Depths:3 | Gained mutation: Scrolls take you a little longer to read. [mutagenic meat]
 82195 | Depths:3 | Identified the ring of the Sky {Str+2 Int+3 Dex-3} (You found it on level 3 of the Depths)
 82198 | Depths:3 | Gained mutation: Your flesh is heat resistant. [potion of beneficial mutation]
 82199 | Depths:3 | Gained mutation: Your natural rate of healing is unusually fast. [potion of beneficial mutation]
 82516 | Depths:4 | Found Anesch's Gadget Shop.
 82527 | Depths:4 | Bought a wand of heal wounds (5) for 918 gold pieces
 83323 | Depths:4 | Reached XP level 27. HP: 160/160 MP: 33/45
 83562 | Depths:4 | Lost mutation: Scrolls take you a little longer to read. [mutagenic meat]
 83566 | Depths:4 | Lost mutation: One of your tentacles bears a spike. [mutagenic meat]
 83567 | Depths:4 | Lost mutation: Your system is resistant to poisons. [mutagenic meat]
 83568 | Depths:4 | Gained mutation: You can spit weak poison. [mutagenic meat]
 83584 | Depths:4 | Gained mutation: You are frail (-10% HP). [mutagenic meat]
 83593 | Depths:4 | Gained mutation: You occasionally shout uncontrollably at your foes. [mutagenic meat]
 83599 | Depths:4 | Lost mutation: You are frail (-10% HP). [mutagenic meat]
 83659 | Depths:4 | Found a gateway to a ziggurat.
 83734 | Depths:4 | Lost mutation: You tend to lose your temper in combat. [mutagenic meat]
 83735 | Depths:4 | Lost mutation: You occasionally shout uncontrollably at your foes. [mutagenic meat]
 83941 | Depths:4 | Got a bloodstained eveningstar
 83989 | Depths:4 | Identified the cursed +0 eveningstar of Dodoewigg {crush, Stlth-} (You found it on level 4 of the Depths)
 84115 | Depths:4 | Gained mutation: You occasionally shout uncontrollably at your foes. [mutagenic meat]
 84117 | Depths:4 | Gained mutation: Your spells are a little harder to cast, but a little more powerful. [mutagenic meat]
 84118 | Depths:4 | Gained mutation: You are covered in fur (AC +1). [mutagenic meat]
 84474 | Depths:4 | Reached skill level 15 in Summonings
 85016 | Depths:5 | Entered Level 5 of the Depths
 85070 | Depths:5 | Reached skill level 10 in Dodging
 85265 | Depths:5 | Got an ichor-stained blowgun
 85266 | Depths:5 | Identified the +9 blowgun "Qint" {evade, +Inv Str+1} (You found it on level 5 of the Depths)
 85819 | Depths:5 | Found a gate to the Realm of Zot.
 86120 | Depths:5 | Gained mutation: Your magical capacity is low (-10% MP). [mutagenic meat]
 86435 | Lair:1   | Learned a level 7 spell: Summon Greater Demon
 86442 | Lair:1   | Learned a level 6 spell: Aura of Abjuration
 86888 | Zot:1    | Entered Level 1 of the Realm of Zot
 88340 | Zot:2    | Reached skill level 10 in Fighting
 88866 | Zot:2    | Reached skill level 1 in Earth Magic
 90039 | Zot:3    | Reached skill level 15 in Shields
 91395 | Zot:4    | Identified Ganun's Volume of the Compass
 91638 | Zot:4    | Noticed an ancient lich
 91644 | Zot:4    | Killed an ancient lich
 91666 | Zot:4    | Identified the Grimoire of Displaced Slavery
 91795 | Zot:5    | Entered Level 5 of the Realm of Zot
 91796 | Zot:5    | Upgraded the game from 0.16-a0-3029-g57b17b4 to 0.16-a0-3308-g116f5c4
 92086 | Zot:5    | Reached skill level 22 in Evocations
 92335 | Zot:5    | Noticed sirdond's ghost (legendary HOFi)
 92363 | Zot:5    | Noticed an orb of fire
 92520 | Zot:5    | Killed sirdond's ghost
 92659 | Zot:5    | Noticed an orb of fire
 92929 | Depths:1 | Lost mutation: You are partially covered in iridescent scales (AC +4). [mutagenic meat]
 93171 | Lair:1   | Learned a level 9 spell: Tornado
 93231 | Lair:1   | Upgraded the game from 0.16-a0-3308-g116f5c4 to 0.16-a0-3465-g53c7d0b
 93231 | Lair:1   | Upgraded the game from 0.16-a0-3465-g53c7d0b to 0.16-a0-4097-gb4d75fa
 93233 | Lair:1   | Upgraded the game from 0.16-a0-4097-gb4d75fa to 0.17-a0-129-g9432df0
 93233 | Lair:1   | Upgraded the game from 0.17-a0-129-g9432df0 to 0.17-a0-157-g289cc6a
 93233 | Lair:1   | Upgraded the game from 0.17-a0-157-g289cc6a to 0.17-a0-580-g22c127a
 93238 | Lair:1   | Upgraded the game from 0.17-a0-580-g22c127a to 0.17-a0-670-g5d95ebd
 93852 | Hell     | Entered the Vestibule of Hell
 93852 | Hell     | Noticed Geryon
 93862 | Hell     | Killed Geryon
 94066 | Hell     | Reached skill level 10 in Slings
 94201 | Hell     | Reached skill level 21 in Air Magic
 94219 | Hell     | Killed from afar by a hellion

Action                   |  1- 3 |  4- 6 |  7- 9 | 10-12 | 13-15 | 16-18 | 19-21 | 22-24 | 25-27 || total
-------------------------+-------+-------+-------+-------+-------+-------+-------+-------+-------++-------
Melee: Short sword       |    18 |       |       |       |       |   291 |   220 |   428 |   332 ||  1289
       Spear             |    19 |   149 |       |    76 |     1 |       |       |       |       ||   245
       Dagger            |       |     5 |    58 |       |       |       |       |       |       ||    63
       Falchion          |       |       |    54 |       |   577 |    74 |       |       |       ||   705
       Rod               |       |       |       |    16 |    13 |     1 |    33 |    17 |    12 ||    92
       Hunting sling     |       |       |       |       |       |     2 |       |       |       ||     2
       Shillelagh        |       |       |       |       |       |   103 |       |       |       ||   103
       Staff             |       |       |       |       |       |       |    13 |    28 |   237 ||   278
 Fire: Hunting sling     |       |       |    89 |   271 |   832 |   850 |   480 |   140 |   104 ||  2766
       Blowgun           |       |       |       |       |     6 |       |       |       |     3 ||     9
Throw: Stone             |       |       |       |       |    47 |       |       |       |       ||    47
 Cast: Regeneration      |       |       |       |     1 |    37 |    52 |    59 |   104 |    93 ||   346
       Mephitic Cloud    |       |       |       |       |    70 |    65 |    99 |    35 |       ||   269
       Repel Missiles    |       |       |       |       |     6 |     4 |       |       |       ||    10
       Swiftness         |       |       |       |       |       |     2 |     1 |     5 |     5 ||    13
       Haste             |       |       |       |       |       |     2 |    28 |    28 |    31 ||    89
       Recall            |       |       |       |       |       |    17 |    21 |    10 |       ||    48
       Blink             |       |       |       |       |       |    16 |     3 |     2 |     2 ||    23
       Ignite Poison     |       |       |       |       |       |     5 |     3 |    26 |    26 ||    60
       Freezing Cloud    |       |       |       |       |       |       |    50 |    11 |     2 ||    63
       Deflect Missiles  |       |       |       |       |       |       |     7 |     1 |     9 ||    17
       Airstrike         |       |       |       |       |       |       |   156 |    58 |    10 ||   224
       Dispel Undead     |       |       |       |       |       |       |       |   174 |       ||   174
       Iskenderun's Myst |       |       |       |       |       |       |       |   125 |       ||   125
       Orb of Destructio |       |       |       |       |       |       |       |    40 |   222 ||   262
       Poisonous Cloud   |       |       |       |       |       |       |       |    36 |   158 ||   194
       Spellforged Servi |       |       |       |       |       |       |       |       |    18 ||    18
       Iron Shot         |       |       |       |       |       |       |       |       |   449 ||   449
       Summon Greater De |       |       |       |       |       |       |       |       |    10 ||    10
       Aura of Abjuratio |       |       |       |       |       |       |       |       |     8 ||     8
       Tornado           |       |       |       |       |       |       |       |       |     6 ||     6
Invok: Evolution         |       |     1 |     3 |    13 |    39 |    39 |    27 |    17 |     6 ||   145
       Sunlight          |       |       |       |    26 |    65 |   108 |   105 |    97 |   110 ||   511
       Rain              |       |       |       |       |     4 |     6 |     5 |       |       ||    15
       Reproduction      |       |       |       |       |     3 |       |       |       |       ||     3
       Growth            |       |       |       |       |       |     2 |       |       |       ||     2
 Abil: Evoke Teleport Co |       |       |       |       |       |     1 |     2 |     2 |       ||     5
       Evoke Flight      |       |       |       |       |       |       |       |       |     7 ||     7
       Stop Flying       |       |       |       |       |       |       |       |       |     4 ||     4
       Blink             |       |       |       |       |       |       |       |       |     4 ||     4
Evoke: Wand              |       |     6 |     1 |     7 |    17 |     8 |     3 |       |       ||    42
       Rod               |       |       |       |    51 |    99 |   204 |   296 |   328 |   393 ||  1371
       Disc of storms    |       |       |       |       |       |     1 |       |    44 |     2 ||    47
       Staff of energy   |       |       |       |       |       |    22 |   443 |   747 |  1537 ||  2749
       Phial of floods   |       |       |       |       |       |       |     2 |     5 |     2 ||     9
       Crystal ball of e |       |       |       |       |       |       |       |     2 |       ||     2
       Fan of gales      |       |       |       |       |       |       |       |     1 |     3 ||     4
       Lamp of fire      |       |       |       |       |       |       |       |     1 |       ||     1
  Use: Potion            |       |     3 |    12 |     6 |     8 |    12 |     4 |     5 |    14 ||    64
       Scroll            |       |       |     2 |    18 |    19 |    13 |    14 |    15 |    26 ||   107
 Stab: Sleeping          |     6 |    26 |    10 |    17 |    21 |    16 |     6 |    12 |    15 ||   129
       Confused          |       |       |     1 |       |    21 |    10 |     5 |     2 |       ||    39
       Distracted        |       |       |     1 |       |     1 |     3 |     1 |     1 |     1 ||     8
       Paralysed         |       |       |       |       |       |     1 |       |       |       ||     1
       Held in net/web   |       |       |       |       |       |       |       |     1 |       ||     1
  Eat: Chunk             |       |     2 |       |    12 |    43 |    93 |    94 |    63 |   229 ||   536
       Bread ration      |       |     1 |     1 |     2 |     3 |     1 |     3 |    13 |       ||    24
       Meat ration       |       |     1 |     2 |     1 |     1 |     2 |     1 |     3 |     2 ||    13
       Beef jerky        |       |     1 |       |     1 |     2 |     2 |     2 |     7 |     5 ||    20
       Pizza             |       |       |       |       |     1 |     2 |     6 |       |       ||     9
       Royal jelly       |       |       |       |       |       |       |       |     2 |       ||     2
